SAA
TACOMA FUR TRADERS @ WESTWOOD SIXSHOOTERS
08/11/2027
 
TOP OF THE 1ST
Tacoma Fur Traders batting - Pitching for Westwood Sixshooters : RHP Antoine Ayuso
Pitching: RHP Antoine Ayuso
Batting: RHB Andy Moore 0-0: Ball
1-0: Called Strike
1-1: Ball
2-1: Foul Ball, location: 2F
2-2: SINGLE (Groundball, 56D)
Batting: RHB Luis Flores 0-0: Called Strike
0-1: Ball
1-1: Ball
2-1: Ball
3-1: Grounds into double play, 4-6-3 (Groundball, 4)
Batting: SHB Enrique Costello 0-0: Ball
1-0: Ground out 4-3 (Groundball, 34)
Top of the 1st over - 0 run(s), 1 hit(s), 0 error(s), 0 left on base; Tacoma 0 - Westwood 0
BOTTOM OF THE 1ST
Westwood Sixshooters batting - Pitching for Tacoma Fur Traders : RHP Luis Castrejón
Pitching: RHP Luis Castrejón
Batting: LHB António Quintero 0-0: Called Strike
0-1: Ball
1-1: SINGLE (Flyball, 6MD)
Batting: LHB Bob Daugherty 0-0: Called Strike
0-1: Ball
1-1: Ball
2-1: Foul Ball, location: 2F
2-2: Foul Ball, location: 2F
2-2: Ball
3-2: Base on Balls
António Quintero to second
Batting: RHB Wrangler Haresnape 0-0: Called Strike
António Quintero steals 3rd base
Bob Daugherty to second
0-1: Ground out 6-3 (Groundball, 6)
António Quintero scores
Bob Daugherty to third
Batting: RHB Steve Bock 0-0: Ball
1-0: Ball
2-0: Ball
3-0: Called Strike
3-1: Fly out, F7 (Flyball, 7S)
Batting: LHB Mitchell Cusimano 0-0: Foul Ball, location: 2F
0-1: Fly out, F6 (Line Drive, 6)
Bottom of the 1st over - 1 run(s), 1 hit(s), 0 error(s), 1 left on base; Tacoma 0 - Westwood 1
TOP OF THE 2ND
Tacoma Fur Traders batting - Pitching for Westwood Sixshooters : RHP Antoine Ayuso
Batting: RHB Nate Cates 0-0: Foul Ball, location: 2F
0-1: Swinging Strike
0-2: Foul Ball, location: 2F
0-2: Fly out, F9 (Flyball, 9S)
Batting: LHB Dave Knight 0-0: Called Strike
0-1: Fly out, F9 (Flyball, 9LSF)
Batting: LHB Michael Whorton 0-0: Foul Ball, location: 2F
0-1: Ball
1-1: Foul Ball, location: 2F
1-2: Ball
2-2: Ball
3-2: Strikes out swinging
Top of the 2nd over - 0 run(s), 0 hit(s), 0 error(s), 0 left on base; Tacoma 0 - Westwood 1
BOTTOM OF THE 2ND
Westwood Sixshooters batting - Pitching for Tacoma Fur Traders : RHP Luis Castrejón
Batting: RHB Chris Corella 0-0: Ball
1-0: SINGLE (Line Drive, 78S)
Batting: LHB Lorenzo Díaz 0-0: Called Strike
0-1: Ball
1-1: Foul Ball, location: 2F
1-2: Ground out 5-3 (Groundball, 56S)
Chris Corella to second
Batting: RHB Alonso Zamora 0-0: Ball
1-0: Foul Ball, location: 2F
1-1: Foul Ball, location: 2F
1-2: Foul Ball, location: 2F
1-2: Foul Ball, location: 2F
1-2: Strikes out swinging
Batting: LHB Juan Romero 0-0: Called Strike
0-1: Ball
1-1: Swinging Strike
1-2: Strikes out swinging
Bottom of the 2nd over - 0 run(s), 1 hit(s), 0 error(s), 1 left on base; Tacoma 0 - Westwood 1
TOP OF THE 3RD
Tacoma Fur Traders batting - Pitching for Westwood Sixshooters : RHP Antoine Ayuso
Batting: RHB Tim Lehman 0-0: Called Strike
0-1: Foul Ball, location: 2F
0-2: Ground out 6-3 (Groundball, 6)
Batting: RHB Miguel Silva 0-0: Ball
1-0: Ball
2-0: Called Strike
2-1: Ball
3-1: Called Strike
3-2: Base on Balls
Batting: RHB Carlos Correa 0-0: Called Strike
0-1: Ball
1-1: Swinging Strike
1-2: Ball
2-2: Strikes out swinging
Batting: RHB Andy Moore 0-0: Called Strike
0-1: Ball
1-1: Foul Ball, location: 2F
1-2: Strikes out swinging
Top of the 3rd over - 0 run(s), 0 hit(s), 0 error(s), 1 left on base; Tacoma 0 - Westwood 1
BOTTOM OF THE 3RD
Westwood Sixshooters batting - Pitching for Tacoma Fur Traders : RHP Luis Castrejón
Batting: LHB António Quintero 0-0: Called Strike
0-1: Fly out, F9 (Flyball, 9LM)
Batting: LHB Bob Daugherty 0-0: Ball
1-0: Swinging Strike
1-1: Ball
2-1: Foul Ball, location: 2F
2-2: SINGLE (Line Drive, 34D)
Batting: RHB Wrangler Haresnape 0-0: Ball
1-0: SINGLE (Line Drive, 8RS)
Bob Daugherty to second
Batting: RHB Steve Bock 0-0: Foul Ball, location: 2F
0-1: Ball
1-1: Swinging Strike
1-2: Strikes out swinging
Batting: LHB Mitchell Cusimano 0-0: Ball
1-0: Called Strike
1-1: Hit by Pitch
Bob Daugherty to third
Wrangler Haresnape to second
Batting: RHB Chris Corella 0-0: Ball
1-0: Foul Ball, location: 2F
1-1: Swinging Strike
1-2: DOUBLE (Flyball, 78D)
Bob Daugherty scores
Wrangler Haresnape scores
Mitchell Cusimano to third
Batting: LHB Lorenzo Díaz 0-0: Ball
1-0: Ball
2-0: Ball
3-0: Called Strike
3-1: Foul Ball, location: 2F
3-2: Ground out 6-3 (Groundball, 6M)
Bottom of the 3rd over - 2 run(s), 3 hit(s), 0 error(s), 2 left on base; Tacoma 0 - Westwood 3
TOP OF THE 4TH
Tacoma Fur Traders batting - Pitching for Westwood Sixshooters : RHP Antoine Ayuso
Batting: RHB Luis Flores 0-0: SINGLE (Flyball, 8RS)
Batting: SHB Enrique Costello 0-0: Called Strike
0-1: Ball
1-1: Foul Ball, location: 2F
1-2: Ground out U3 (Groundball, 3S)
Luis Flores to second
Batting: RHB Nate Cates 0-0: Ball
1-0: Called Strike
1-1: Foul Ball, location: 2F
1-2: Foul Ball, location: 2F
1-2: Ball
2-2: Ground out 5-3 (Groundball, 5S)
Luis Flores to third
Batting: LHB Dave Knight 0-0: Fly out, F8 (Flyball, 8LM)
Top of the 4th over - 0 run(s), 1 hit(s), 0 error(s), 1 left on base; Tacoma 0 - Westwood 3
BOTTOM OF THE 4TH
Westwood Sixshooters batting - Pitching for Tacoma Fur Traders : RHP Luis Castrejón
Batting: RHB Alonso Zamora 0-0: Swinging Strike
0-1: Fly out, F8 (Flyball, 8LS)
Batting: LHB Juan Romero 0-0: Foul Ball, location: 2F
0-1: Fly out, F5 (Popup, 56)
Batting: LHB António Quintero 0-0: Called Strike
0-1: Foul Ball, location: 2F
0-2: Ball
1-2: Ball
2-2: Ball
3-2: Fly out, F1 (Line Drive, 13)
Bottom of the 4th over - 0 run(s), 0 hit(s), 0 error(s), 0 left on base; Tacoma 0 - Westwood 3
TOP OF THE 5TH
Tacoma Fur Traders batting - Pitching for Westwood Sixshooters : RHP Antoine Ayuso
Batting: LHB Michael Whorton 0-0: SINGLE (Line Drive, 6MD)
Batting: RHB Tim Lehman 0-0: Called Strike
0-1: Sac Bunt - play at first, batter OUT! 1-3
Michael Whorton to second
Batting: RHB Miguel Silva 0-0: Ball
1-0: SINGLE (Flyball, 89S)
Michael Whorton to third
Runner from 3rd tries for Home, SAFE, no throw
Batting: RHB Carlos Correa 0-0: Called Strike
0-1: Ball
1-1: Ball
2-1: Swinging Strike
2-2: Fly out, F7 (Flyball, 78M)
Batting: RHB Andy Moore 0-0: Ball
1-0: DOUBLE (Line Drive, 9LM)
Miguel Silva to third
Runner from 3rd tries for Home, throw and OUT!
Top of the 5th over - 1 run(s), 3 hit(s), 0 error(s), 1 left on base; Tacoma 1 - Westwood 3
BOTTOM OF THE 5TH
Westwood Sixshooters batting - Pitching for Tacoma Fur Traders : RHP Luis Castrejón
Batting: LHB Bob Daugherty 0-0: Called Strike
0-1: Ball
1-1: Ground out 6-3 (Groundball, 6)
Batting: RHB Wrangler Haresnape 0-0: Ball
1-0: DOUBLE (Groundball, 5L)
Batting: RHB Steve Bock 0-0: Ball
1-0: Ball
2-0: Ball
3-0: Called Strike
3-1: Base on Balls
Batting: LHB Mitchell Cusimano 0-0: Fly out, F5 (Line Drive, 56S)
Batting: RHB Chris Corella 0-0: Ball
1-0: Ball
2-0: Foul Ball, location: 2F
2-1: SINGLE (Line Drive, 4D)
Wrangler Haresnape to third
Steve Bock to second
Runner from 3rd tries for Home, SAFE, no throw
Batting: LHB Lorenzo Díaz 0-0: Called Strike
0-1: Ball
1-1: Ball
2-1: Foul Ball, location: 2F
2-2: Foul Ball, location: 2F
2-2: Foul Ball, location: 2F
2-2: Fielders Choice at 2nd, 5-4 (Groundball, 5D)
Bottom of the 5th over - 1 run(s), 2 hit(s), 0 error(s), 1 left on base; Tacoma 1 - Westwood 4
TOP OF THE 6TH
Tacoma Fur Traders batting - Pitching for Westwood Sixshooters : RHP Antoine Ayuso
Batting: RHB Luis Flores 0-0: Ball
1-0: SOLO HOME RUN (Flyball, 7D), Distance : 378 ft
Batting: SHB Enrique Costello 0-0: Fly out, F8 (Flyball, 8LS)
Batting: RHB Nate Cates 0-0: Fly out, F7 (Flyball, 7)
Batting: LHB Dave Knight 0-0: Swinging Strike
0-1: Foul Ball, location: 2F
0-2: Ball
1-2: Foul Ball, location: 2F
1-2: Fly out, F8 (Line Drive, 8LD)
Top of the 6th over - 1 run(s), 1 hit(s), 0 error(s), 0 left on base; Tacoma 2 - Westwood 4
BOTTOM OF THE 6TH
Westwood Sixshooters batting - Pitching for Tacoma Fur Traders : RHP Luis Castrejón
Batting: RHB Alonso Zamora 0-0: Called Strike
0-1: Ball
1-1: Foul Ball, location: 2F
1-2: SINGLE (Flyball, 78S)
Batting: LHB Juan Romero 0-0: Sac Bunt - play at second, runner OUT! 1-6
Batting: LHB António Quintero 0-0: Called Strike
0-1: Ball
Juan Romero steals 2nd base
1-1: Ball
Juan Romero steals 3rd base
2-1: Ground out U3 (Groundball, 3)
Batting: LHB Bob Daugherty 0-0: Ball
1-0: Foul Ball, location: 2F
1-1: Foul Ball, location: 2F
1-2: Ball
2-2: Ball
3-2: Base on Balls
Pitching: RHP Justin Barber
Batting: RHB Wrangler Haresnape 0-0: Fielders Choice at 2nd, U4 (Groundball, 4M)
Bottom of the 6th over - 0 run(s), 1 hit(s), 0 error(s), 2 left on base; Tacoma 2 - Westwood 4
TOP OF THE 7TH
Tacoma Fur Traders batting - Pitching for Westwood Sixshooters : RHP Antoine Ayuso
Pitching: RHP Joe Griffin
Batting: LHB Michael Whorton 0-0: Fly out, F8 (Flyball, 8LD)
Batting: RHB Tim Lehman 0-0: Ball
1-0: Ball
2-0: Fly out, F9 (Flyball, 9S)
Batting: RHB Miguel Silva 0-0: Ball
1-0: Ball
2-0: Ball
3-0: Called Strike
3-1: Base on Balls
Batting: RHB Carlos Correa 0-0: Swinging Strike
0-1: Ball
1-1: DOUBLE (Line Drive, 7LM)
Miguel Silva to third
Batting: RHB Andy Moore 0-0: Ball
1-0: Ball
2-0: Ball
3-0: Foul Ball, location: 2F
3-1: Foul Ball, location: 2F
3-2: Base on Balls
Pinch Hitting: RHB Britt Lynch 0-0: Ball
1-0: Swinging Strike
1-1: Swinging Strike
1-2: SINGLE (Groundball, 6MD)
Miguel Silva scores
Carlos Correa to third
Andy Moore to second
Runner from 3rd tries for Home, SAFE, no throw
Batting: SHB Enrique Costello 0-0: Fly out, F7 (Flyball, 7S)
Top of the 7th over - 2 run(s), 2 hit(s), 0 error(s), 2 left on base; Tacoma 4 - Westwood 4
BOTTOM OF THE 7TH
Westwood Sixshooters batting - Pitching for Tacoma Fur Traders : RHP Justin Barber
Now at SS: Britt Lynch
Batting: RHB Steve Bock 0-0: Called Strike
0-1: Ground out 5-3 (Groundball, 5S)
Batting: LHB Mitchell Cusimano 0-0: Ball
1-0: Called Strike
1-1: Ball
2-1: Ball
3-1: Base on Balls
Batting: RHB Chris Corella 0-0: Called Strike
0-1: Ball
1-1: Fielders Choice at 2nd, 1-4 (Groundball, 15S)
Pitching: RHP Jeff Pearce
Batting: LHB Lorenzo Díaz 0-0: Foul Ball, location: 2F
0-1: Fielders Choice at 2nd, 4-6 (Groundball, 4)
Bottom of the 7th over - 0 run(s), 0 hit(s), 0 error(s), 0 left on base; Tacoma 4 - Westwood 4
TOP OF THE 8TH
Tacoma Fur Traders batting - Pitching for Westwood Sixshooters : RHP Joe Griffin
Batting: RHB Nate Cates 0-0: Called Strike
0-1: Ball
1-1: Fly out, F2 (Popup, 13S)
Pinch Hitting: RHB Gustavo González 0-0: Ball
1-0: Called Strike
1-1: Ball
2-1: Fly out, F4 (Line Drive, 4)
Batting: LHB Michael Whorton 0-0: Called Strike
0-1: Called Strike
0-2: Ground out 5-3 (Groundball, 56)
Top of the 8th over - 0 run(s), 0 hit(s), 0 error(s), 0 left on base; Tacoma 4 - Westwood 4
BOTTOM OF THE 8TH
Westwood Sixshooters batting - Pitching for Tacoma Fur Traders : RHP Jeff Pearce
Now in RF: Jim Unknown
Pinch Hitting: RHB Jim Unknown 0-0: Called Strike
0-1: Foul Ball, location: 2F
0-2: Fly out, F8 (Flyball, 89M)
Pinch Hitting: SHB Jesús Rodríguez 0-0: Foul Ball, location: 2F
0-1: Ball
1-1: Ground out 3-1 (Groundball, 34S)
Batting: LHB António Quintero 0-0: Ground out 4-3 (Groundball, 4S)
Bottom of the 8th over - 0 run(s), 0 hit(s), 0 error(s), 0 left on base; Tacoma 4 - Westwood 4
TOP OF THE 9TH
Tacoma Fur Traders batting - Pitching for Westwood Sixshooters : RHP Joe Griffin
Pitching: RHP Will Moore
Now at 1B: Jesús Rodríguez
Now in LF: Jim Unknown
Batting: RHB Tim Lehman 0-0: Ball
1-0: Called Strike
1-1: Foul Ball, location: 2F
1-2: Fly out, F7 (Line Drive, 7LM)
Batting: RHB Miguel Silva 0-0: Ball
1-0: Called Strike
1-1: Foul Ball, location: 2F
1-2: Ball
2-2: Ball
3-2: Fly out, F4 (Popup, 4)
Pinch Hitting: RHB Trevor O'Herlihy 0-0: Ball
1-0: Ball
2-0: Called Strike
2-1: Ball
3-1: Called Strike
3-2: Fly out, F4 (Popup, 34D)
Top of the 9th over - 0 run(s), 0 hit(s), 0 error(s), 0 left on base; Tacoma 4 - Westwood 4
BOTTOM OF THE 9TH
Westwood Sixshooters batting - Pitching for Tacoma Fur Traders : RHP Jeff Pearce
Now at C: Trevor O'Herlihy
Batting: LHB Bob Daugherty 0-0: Swinging Strike
0-1: Fly out, F8 (Flyball, 8RD)
Batting: RHB Wrangler Haresnape 0-0: Ball
1-0: Called Strike
1-1: Swinging Strike
1-2: Strikes out swinging
Batting: RHB Steve Bock 0-0: Foul Ball, location: 2F
0-1: Ground out 5-3 (Groundball, 5)
Bottom of the 9th over - 0 run(s), 0 hit(s), 0 error(s), 0 left on base; Tacoma 4 - Westwood 4
TOP OF THE 10TH
Tacoma Fur Traders batting - Pitching for Westwood Sixshooters : RHP Will Moore
Batting: RHB Andy Moore 0-0: Ball
1-0: Called Strike
1-1: SINGLE (Groundball, 6MD)
Batting: RHB Britt Lynch 0-0: Ball
1-0: Bunted foul
1-1: Bunted foul
1-2: Strikes out looking
Batting: SHB Enrique Costello 0-0: Ball
1-0: Grounds into double play, 4-6-3 (Groundball, 4)
Top of the 10th over - 0 run(s), 1 hit(s), 0 error(s), 0 left on base; Tacoma 4 - Westwood 4
BOTTOM OF THE 10TH
Westwood Sixshooters batting - Pitching for Tacoma Fur Traders : RHP Jeff Pearce
Batting: LHB Mitchell Cusimano 0-0: Ball
1-0: Called Strike
1-1: Hit by Pitch
Batting: RHB Chris Corella 0-0: Ball
1-0: Bunted foul
1-1: Called Strike
Mitchell Cusimano steals 2nd base
1-2: SINGLE (Groundball, 5D)
Mitchell Cusimano to third
Runner from 3rd tries for Home, SAFE, no throw
Saturday, May 26th, 2018 - OOTP Baseball 17.12 Build 75